 Dungeon Crawl Stone Soup version 0.21-a0-278-ga722497 (webtiles) character file.

49 tidbits the Grave Robber (level 3, 3/26 HPs)
             Began as a Draconian Necromancer on Sept 22, 2017.
             Quit the game on level 2 of the Dungeon.
             The game lasted 00:05:23 (994 turns).

tidbits the Grave Robber (Draconian Necromancer)     Turns: 994, Time: 00:05:24

Health: 3/26       AC:  5    Str:  7 (10) XL:     3   Next: 51%
Magic:  0/7        EV: 12    Int: 15 (16) God:
Gold:   24         SH:  0    Dex:  9 (11) Spells: 2/7 levels left

rFire    . . .     SeeInvis .   o - +0 short sword
rCold    . . .     Gourm    .   (no shield)
rNeg     . . .     Faith    .   (armour unavailable)
rPois    .         Spirit   .   (helmet restricted)
rElec    .         Reflect  .   (no cloak)
rCorr    .         Harm     .   (no gloves)
MR       .....                  (no boots)
Stlth    ++........             (no amulet)
HPRegen  0.08/turn              (no ring)
MPRegen  0.10/turn              (no ring)

@: lethally poisoned (3 -> -2), very slightly contaminated
A: unfitting armour, cold-blooded, AC +5
a: no special abilities


You were on level 2 of the Dungeon.
You were not hungry.

You visited 1 branch of the dungeon, and saw 2 of its levels.

You collected 24 gold pieces.

Inventory:

Hand Weapons
 c - a +0 spear
 e - a cursed +0 hunting sling
 h - a +0 mace
 m - a +0 club
 o - a +0 short sword (weapon)
Missiles
 j - 17 arrows
Scrolls
 d - a scroll of magic mapping {unknown}
 f - 2 scrolls of remove curse
 g - a scroll of teleportation {unknown}
 i - 3 scrolls of identify {unknown}
Books
 a - a book of Necromancy

   Spells                             Type                      Level
   a - Pain                           Necromancy                   1
   b - Animate Skeleton               Necromancy                   1
   c - Vampiric Draining              Necromancy                   3
   d - Regeneration                   Charms/Necromancy            3
   e - Animate Dead                   Necromancy                   4
   f - Control Undead                 Necromancy                   4
Comestibles
 b - 4 bread rations
 k - 2 fruits
 l - 2 meat rations
 n - a royal jelly


   Skills:
 - Level 1.7 Dodging
 - Level 1.7 Stealth
 + Level 2.6 Spellcasting
 * Level 4.9 Necromancy


You had 2 spell levels left.
You knew the following spells:

 Your Spells              Type           Power        Failure   Level  Hunger
n - Animate Skeleton      Necr           N/A          2%          1    #......
v - Vampiric Draining     Necr           ###.......   9%          3    ###....
z - Pain                  Necr           ###.         2%          1    #......


Dungeon Overview and Level Annotations

Branches:
Dungeon (2/15)

Altars:


Innate Abilities, Weirdness & Mutations

Your plain brown scales are hard. (AC +5)
You cannot fit into any form of body armour.
You are cold-blooded and may be slowed by cold attacks.


Message History

Wield which item (- for none, * to show all)? (? for menu, Esc to quit)
o - a +0 short sword (weapon)
Adjust (i)tems, (s)pells, or (a)bilities?
Huh?
You butcher the kobold corpse.
Things that are here:
a stone; 3 inedible chunks of flesh You now have 24 gold pieces (gained 9).
You open the door.
There is an open door here.
Found a stone staircase leading up.
Found a blue potion.
There is a stone staircase leading up here.
Found a stone staircase leading up.
p - a blue potion
There is a stone staircase leading up here.
Found a scroll labeled UXTOIREINI.
f - 3 scrolls labeled UXTOIREINI (gained 1)
You open the door.
A dart slug comes into view.
There is an open door here.
Casting: Pain
Confirm with . or Enter, or press ? or * to list all spells.
Aiming: Pain
Press: ? - help, Shift-Dir - straight line, f - dart slug
Aim: a dart slug (resting, chance to defeat MR: 87%)
The dart slug writhes in agony!
Casting: Pain
Confirm with . or Enter, or press ? or * to list all spells.
Aiming: Pain
Press: ? - help, Shift-Dir - straight line, f/p - dart slug
Aim: a dart slug (moderately wounded, chance to defeat MR: 87%)
The dart slug writhes in agony!
The dart slug launches a dart at you. The slug dart misses you.
Casting: Pain
Confirm with . or Enter, or press ? or * to list all spells.
Aiming: Pain
Press: ? - help, Shift-Dir - straight line, f/p - dart slug
Aim: a dart slug (severely wounded, chance to defeat MR: 87%)
The dart slug writhes in agony!
You kill the dart slug!
As you open the door, it creaks loudly!
There is an open door here.
Found a meat ration.
A bat comes into view.
Casting: Pain
Confirm with . or Enter, or press ? or * to list all spells.
Aiming: Pain
Press: ? - help, Shift-Dir - straight line, f - bat
Aim: a bat (chance to defeat MR: 87%)
The bat writhes in agony!
You kill the bat!
l - 2 meat rations (gained 1)
Found a stone staircase leading down.
Found a shiny cabochon ring.
There is a stone staircase leading down here.
An adder comes into view.
The adder hisses angrily.
The adder moves out of view.
A rat comes into view.
A jackal comes into view.
The jackal barks!
You hear a shout!
A kobold comes into view. It is wielding a dagger.
The adder bites you.
* * * LOW HITPOINT WARNING * * *
Your rat skeleton misses the adder.
The jackal bites your rat skeleton. Something bites your rat skeleton.
The adder bites you.
* * * LOW HITPOINT WARNING * * *
It was a potion of degeneration.
There was something very wrong with that liquid.
You feel weakened.
You feel dopey.
You feel clumsy. The adder bites you.
* * * LOW HITPOINT WARNING * * *
The jackal barely misses your rat skeleton.
Casting: Pain
Confirm with . or Enter, or press ? or * to list all spells.
Aiming: Vampiric Draining
Press: ? - help, Shift-Dir - straight line, f - adder
Aim: an adder You miscast Vampiric Draining.
You are very lightly contaminated with residual magic.
Nothing appears to happen.
The jackal bites your rat skeleton.
Your rat skeleton is destroyed!
The adder barely misses you.
Casting: Vampiric Draining
Confirm with . or Enter, or press ? or * to list all spells.
Aiming: Vampiric Draining
Press: ? - help, Shift-Dir - straight line, f/p - adder
Aim: an adder You miscast Vampiric Draining.
Pain shoots through your body. The adder barely misses you. x2
As you read the scroll labeled UXTOIREINI, it crumbles to dust.
You feel blessed for a moment.
It was a scroll of remove curse.
The adder bites you.
* * * LOW HITPOINT WARNING * * *
You are lethally poisoned!
The adder poisons you!
Are you sure you want to abandon this character and quit the game? (Confirm with "yes".)

....##..# ..## ##..#.#
...#.#..###..# ##.=##.#
.............###...##.#
...#..................#
....##....###.........#
........###
##.##K..#.### ...####.#
# #h...>...# ## #.#
#S#.##.#.# ##'## #
#@#....#.# ##...##
#.#.###..#.# ##....Z##
#.#.###..#.#
##.......###........#.#
#.........####........#
+.........'........####
#....†....####.....#
##.......## ##..###
##.....## ##.#


You could see an adder, a jackal and a kobold.

Vanquished Creatures
  A gnoll (D:2)
  2 dart slugs
  3 leopard geckos
  6 bats
  A giant cockroach (D:2)
  4 goblins
  2 hobgoblins (D:1)
  3 frilled lizards
  4 kobolds
  10 rats
36 creatures vanquished.

Notes
Turn   | Place    | Note
-------+----------+-------------------------------------------
     0 | D:1      | tidbits the Draconian Necromancer began the quest for the Orb.
     0 | D:1      | Reached XP level 1. HP: 14/14 MP: 3/3
   130 | D:1      | Learned a level 1 spell: Animate Skeleton
   190 | D:1      | Reached XP level 2. HP: 10/20 MP: 0/5
   576 | D:2      | Reached XP level 3. HP: 12/26 MP: 3/6
   582 | D:2      | Learned a level 3 spell: Vampiric Draining
   994 | D:2      | Quit the game

Vault maps used:
D:1:      grunt_arrival_crossed_arrows, minmay_pentomino_u2
D:2:      minmay_cupped

Action                   || total
-------------------------++-------
Melee: Unarmed           ||     2
       Spear             ||     3
 Cast: Pain              ||    67
       Animate Skeleton  ||     2
  Use: Scroll            ||     1
       Potion            ||     1
  Eat: Chunk             ||     2
Armor: Skin              ||     4
Dodge: Dodged            ||    12

Table legend:
 A = Spawn XP
 B = Non-spawn XP
 C = Spawn XP percentage of total XP
 D = Spawn monster count
 E = Non-spawn monster count
 F = Spawn count percentage of total count
 G = Total turns spent on level
                    A         B        C        D         E        F      G
               +---------+---------+-------+---------+---------+-------+---------
         Total |       0 |      70 |   0.0 |       0 |      36 |   0.0 |   994
               +---------+---------+-------+---------+---------+-------+---------
           D:1 |       0 |      38 |   0.0 |       0 |      23 |   0.0 |   560
           D:2 |       0 |      32 |   0.0 |       0 |      13 |   0.0 |   434
               +---------+---------+-------+---------+---------+-------+---------

Table legend:
 A = Turns spent in this place as a percentage of turns spent in the entire game.
 B = Non-inter-level travel turns spent in this place as a percentage of non-inter-level travel turns spent in the entire game.
 C = Inter-level travel turns spent in this place as a percentage of turns spent in this place.
 D = Turns resting spent in this place as a percentage of non-inter-level travel turns spent in this place.
 E = Turns spent auto-exploring this place as a percentage of non-inter-level travel turns spent in this place.
 F = Non-inter-level travel turns spent in this place divided by the number of levels of this place that you've seen.
                   A       B       C       D       E      F
               +-------+-------+-------+-------+-------+----------------------
         Total | 100.0 | 100.0 |   0.0 |   0.0 |   0.0 | 497.0
       Dungeon | 100.0 | 100.0 |   0.0 |   0.0 |   0.0 | 497.0
               +-------+-------+-------+-------+-------+----------------------

Table legend:
 A = Kills in this place as a percentage of kills in entire the game.
 B = Kills by you in this place as a percentage of kills by you in the entire game.
 C = Kills by friends in this place as a percentage of kills by friends in the entire game.
 D = Other kills in this place as a percentage of other kills in the entire game.
 E = Experience gained in this place as a percentage of experience gained in the entire game.
 F = Experience gained in this place divided by the number of levels of this place that you have seen.
                   A       B       C       D       E      F
               +-------+-------+-------+-------+-------+----------------------
         Total | 100.0 | 100.0 |   N/A |   N/A | 100.0 |  35.0
       Dungeon | 100.0 | 100.0 |   N/A |   N/A | 100.0 |  35.0
               +-------+-------+-------+-------+-------+----------------------

Vault maps used:
D:1:      grunt_arrival_crossed_arrows, minmay_pentomino_u2
D:2:      minmay_cupped
